[Event "Ceske Budejovice IM 2022"]
[Site "Ceske Budejovice"]
[Date "2022.07.07"]
[Round "7.2"]
[White "Civin, Tomas"]
[Black "Lajbl, Jan"]
[Result "1/2-1/2"]
[ECO "D32"]
[WhiteElo "2419"]
[BlackElo "2212"]
[Annotator "TA"]
[PlyCount "101"]
[EventDate "2022.07.01"]
[EventType "tourn"]
[EventCountry "CZE"]
[SourceTitle "playchess.com"]
[Source "ChessBase"]
[SourceQuality "1"]
[TimeControl "40/5400+30:1800+30"]

1. d4 d5 2. c4 e6 3. Nc3 c5 4. cxd5 exd5 5. Nf3 Nc6 6. dxc5 d4 7. Na4 Bxc5 {[%emt 0:00:03][%mdl 64] Decoy. D32: Tarrasch Defence: Sidelines and lines without g3.} 8. Nxc5 Qa5+ 9. Bd2 Qxc5 {[%emt 0:00:02] White has an edge.} 10. Rc1 Qb6 11. e3 dxe3 12. Bxe3 Qb4+ 13. Nd2 {[%emt 0:07:18] Threatens to win with Bc5.} Nge7 {[%emt 0:06:28] [#]} 14. Bc5 $146 ({Predecessor:} 14. Bc4 O-O 15. O-O Bf5 16. Nb3 Rad8 17. Qe2 Qd6 18. Bc5 Qf6 19. Rfe1 Rfe8 20. Rc3 {1-0 (30) Wiley,T (2283)-Schneider,H (2130) Charleroi 2012}) 14... Qf4 15. Bb5 {[%emt 0:05:22] A strong pair of Bishops.} Qe5+ (15... O-O {with more complications.} 16. Bxc6 bxc6 17. O-O Rd8) 16. Qe2 Qxe2+ 17. Kxe2 Bd7 (17... O-O $1 $14 {should be considered.}) 18. Rhe1 $1 $36 {[%emt 0:04:31][%mdl 2048] White has strong initiative.} a6 19. Bxc6 Nxc6 20. Ne4 O-O-O {[%emt 0:08:50] [#]} 21. Nd6+ $1 Kb8 22. Nxf7 {[%emt 0:01:11] Kf1 is the strong threat. White is more active.} Rhe8+ {[%emt 0:01:52] [#]} (22... Rde8+ $16 23. Kd2 Rhg8) 23. Kf1 (23. Be3 $1 $18 {is the precise move to win.}) 23... Rxe1+ 24. Rxe1 Re8 25. Rxe8+ Bxe8 {[%emt 0:00:04][%mdl 4096] Endgame KBN-KBN} 26. Ng5 h6 27. Ne6 g6 28. a3 Bf7 29. Nf4 Kc7 30. Bf8 h5 31. Ke2 Nd4+ 32. Ke3 Ne6 33. Nxe6+ Bxe6 {[%emt 0:00:07] KB-KB} 34. Kf4 Kd7 35. Ke5 Bf5 36. Bb4 Ke8 37. Kf6 Bd3 38. h4 Be4 39. f3 Bc2 40. g4 Bd3 41. Bc5 Bc2 42. a4 Bd3 43. a5 Bc2 44. gxh5 gxh5 45. Kg5 Bd1 46. Kxh5 {[%emt 0:00:27] Black must now prevent Kg6.} Bxf3+ 47. Kg6 {[%emt 0:00:07] h5 would kill now.} Be4+ 48. Kf6 {[%emt 0:00:14] White threatens h5 and mate.} Bf3 49. Ke6 Bg4+ 50. Kf6 {[%emt 0:00:07] Hoping for Kg6.} Bf3 $1 51. Kg5 {[%emt 0:00:58] Weighted Error Value: White=0.08 (flawless) /Black=0.07 (flawless)} 1/2-1/2

[Event "Ceske Budejovice IM 2022"]
[Site "Ceske Budejovice"]
[Date "2022.07.07"]
[Round "7.3"]
[White "Plischki, Sebastian"]
[Black "Mirzoev, Azer"]
[Result "0-1"]
[ECO "D45"]
[WhiteElo "2384"]
[BlackElo "2424"]
[Annotator "TA"]
[PlyCount "34"]
[EventDate "2022.07.01"]
[EventType "tourn"]
[EventCountry "CZE"]
[SourceTitle "playchess.com"]
[Source "ChessBase"]
[SourceQuality "1"]
[TimeControl "40/5400+30:1800+30"]

1. d4 d5 2. c4 c6 3. Nf3 Nf6 4. e3 a6 5. Nc3 e6 6. b3 Bb4 7. Bd2 Nbd7 8. Bd3 O-O 9. O-O {[%emt 0:00:10][%cal Oc3d5] D45: Semi-Slav: 5 e3.} Qe7 10. Re1 h6 (10... e5 {keeps more tension.} 11. dxe5 Nxe5 12. Nxe5 Qxe5 13. Nxd5 Nxd5 14. cxd5 Bd6) 11. h3 {[%emt 0:04:28] [#] White has an edge.} Rd8 $146 ({Predecessor:} 11... e5 12. Nxe5 Nxe5 13. dxe5 Qxe5 14. Nxd5 Nxd5 15. cxd5 Bxd2 16. Qxd2 Qxd5 17. Rad1 Qc5 18. Qc2 Qxc2 19. Bxc2 Be6 20. g4 {½-½ (20) Palladino,M (2304)-Lever,E ICCF email 2021}) 12. Qc2 e5 13. dxe5 Nxe5 14. Nxe5 Qxe5 15. Nxd5 {[%emt 0:10:51][%mdl 8192] [#]} Bxd2 $1 $19 {[%emt 0:13:19] Black has a decisive advantage.} ({Worse is} 15... Nxd5 16. cxd5 Bxd2 17. Qxd2 $11) 16. Nxf6+ Qxf6 17. Qxd2 Bf5 {[%emt 0:00:57] Weighted Error Value: White=0.73/Black=0.03 (flawless)} 0-1

[Event "Ceske Budejovice IM 2022"]
[Site "Ceske Budejovice"]
[Date "2022.07.07"]
[Round "7.4"]
[White "Svanda, Ondrej"]
[Black "Nagy, Ladislav"]
[Result "1/2-1/2"]
[ECO "A14"]
[WhiteElo "2363"]
[BlackElo "2209"]
[Annotator "RC"]
[PlyCount "85"]
[EventDate "2022.07.01"]
[EventType "tourn"]
[EventCountry "CZE"]
[SourceTitle "playchess.com"]
[Source "ChessBase"]
[SourceQuality "1"]
[TimeControl "40/5400+30:1800+30"]

1. c4 e6 2. g3 d5 3. Nf3 Nf6 4. Bg2 Be7 5. O-O O-O 6. d4 dxc4 7. Qc2 a6 8. a4 Bd7 9. Qxc4 Bc6 10. Bf4 Nbd7 11. Nc3 Rc8 12. Rfd1 Bd6 13. Bd2 Ne4 14. Nxe4 Bxe4 15. b4 c6 16. Ng5 Bxg2 17. Kxg2 Be7 18. Nf3 Nf6 19. Qd3 Qd5 20. Rab1 Qe4 21. Bg5 Qxd3 22. Rxd3 h6 23. Bxf6 Bxf6 24. Rc3 Rfe8 25. Rd1 Rcd8 26. Rcd3 Rd5 27. h4 Red8 28. Kf1 Be7 29. Rb1 Bf6 30. e4 R5d7 31. Ke2 e5 32. Rbd1 exd4 33. e5 Be7 34. Rb3 Rd5 35. Kd3 f6 36. Re1 fxe5 37. Nxe5 Bf6 38. Nc4 Kf7 39. Nd2 Re5 40. Ne4 Rd7 41. Re2 Kg6 42. Rb1 Bd8 43. Rbe1 1/2-1/2

[Event "Ceske Budejovice IM 2022"]
[Site "Ceske Budejovice"]
[Date "2022.07.07"]
[Round "7.5"]
[White "Bochnicka, Vladimir"]
[Black "Dev, Shah"]
[Result "1-0"]
[ECO "A33"]
[WhiteElo "2295"]
[BlackElo "2292"]
[Annotator "RC"]
[PlyCount "73"]
[EventDate "2022.07.01"]
[EventType "tourn"]
[EventCountry "CZE"]
[SourceTitle "playchess.com"]
[Source "ChessBase"]
[SourceQuality "1"]
[TimeControl "40/5400+30:1800+30"]

1. c4 c5 2. Nf3 Nf6 3. Nc3 Nc6 4. d4 cxd4 5. Nxd4 e6 6. a3 Be7 7. e4 Qa5 8. Nb3 Qc7 9. Be2 b6 10. O-O O-O 11. Be3 Bb7 12. Rc1 d6 13. f4 Rad8 14. Bd3 Nd7 15. Bb1 Qb8 16. Qh5 g6 17. Qh3 Bf6 18. g4 Bg7 19. f5 Rfe8 20. Rce1 Nce5 21. g5 exf5 22. exf5 Qa8 23. Nd2 Nc5 24. Bd4 Ned3 25. Bxg7 Rxe1 26. Bf6 Rxf1+ 27. Nxf1 Nf4 28. Qh6 Nce6 29. fxe6 Nxe6 30. Ne3 Qc8 31. Ncd5 Bxd5 32. Nxd5 Qc5+ 33. Kh1 Rd7 34. Bc3 f5 35. Nf6+ Kf7 36. Qxh7+ Ng7 37. Qg8+ 1-0

[Event "Ceske Budejovice IM 2022"]
[Site "Ceske Budejovice"]
[Date "2022.07.08"]
[Round "8.1"]
[White "Gretarsson, Helgi Ass"]
[Black "Dev, Shah"]
[Result "1/2-1/2"]
[ECO "C54"]
[WhiteElo "2472"]
[BlackElo "2292"]
[Annotator "RC"]
[PlyCount "98"]
[EventDate "2022.07.01"]
[EventType "tourn"]
[EventCountry "CZE"]
[SourceTitle "playchess.com"]
[Source "ChessBase"]
[SourceQuality "1"]
[TimeControl "40/5400+30:1800+30"]

1. e4 e5 2. Nf3 Nc6 3. Bc4 Bc5 4. c3 Nf6 5. d3 d6 6. Bb3 h6 7. Nbd2 a5 8. h3 Ba7 9. O-O g5 10. Ba4 Bd7 11. Nc4 Qe7 12. Be3 Bxe3 13. Nxe3 O-O-O 14. Nd2 Nb8 15. Re1 Rdg8 16. Ndf1 g4 17. h4 Nh5 18. g3 Rg6 19. a3 Ng7 20. Bc2 h5 21. d4 Rf8 22. b4 f5 23. exf5 Nxf5 24. Nd5 Qf7 25. Bxf5 Bxf5 26. dxe5 Re6 27. Ra2 Nc6 28. Nf4 Nxe5 29. Nxe6 Bxe6 30. Rxe5 Bxa2 31. Re2 Bd5 32. Rd2 Bc6 33. Ne3 Qe6 34. c4 Qe4 35. Kh2 axb4 36. axb4 b6 37. Qc1 Kb8 38. Ra2 Bb7 39. Qa1 Qf3 40. Rd2 Qe4 41. b5 Qh7 42. Ra2 Qd3 43. Qc1 Qe4 44. Qa1 d5 45. Qg7 Re8 46. cxd5 Bxd5 47. Nxd5 Qxd5 48. Rc2 Rc8 49. Qb2 Re8 1/2-1/2

[Event "Ceske Budejovice IM 2022"]
[Site "Ceske Budejovice"]
[Date "2022.07.08"]
[Round "8.2"]
[White "Nagy, Ladislav"]
[Black "Bochnicka, Vladimir"]
[Result "0-1"]
[ECO "B53"]
[WhiteElo "2209"]
[BlackElo "2295"]
[Annotator "RC"]
[PlyCount "56"]
[EventDate "2022.07.01"]
[EventType "tourn"]
[EventCountry "CZE"]
[SourceTitle "playchess.com"]
[Source "ChessBase"]
[SourceQuality "1"]
[TimeControl "40/5400+30:1800+30"]

1. e4 c5 2. Nf3 d6 3. d4 cxd4 4. Qxd4 Nc6 5. Bb5 Bd7 6. Bxc6 Bxc6 7. Nc3 h6 8. Bd2 e5 9. Qd3 Nf6 10. O-O-O Be7 11. Qe2 Rc8 12. Ne1 O-O 13. f3 b5 14. Nxb5 Qb6 15. Nc3 d5 16. exd5 Nxd5 17. Nxd5 Bxd5 18. Kb1 Bc4 19. Nd3 Bf6 20. Qe4 Rfd8 21. Bc1 Rd4 22. Qe3 e4 23. fxe4 Bxa2+ 24. Kxa2 Ra4+ 25. Kb1 Qa5 26. c3 Rxc3 27. bxc3 Ra1+ 28. Kb2 Qa2# 0-1

[Event "Ceske Budejovice IM 2022"]
[Site "Ceske Budejovice"]
[Date "2022.07.08"]
[Round "8.3"]
[White "Mirzoev, Azer"]
[Black "Svanda, Ondrej"]
[Result "1/2-1/2"]
[ECO "E11"]
[WhiteElo "2424"]
[BlackElo "2363"]
[Annotator "RC"]
[PlyCount "116"]
[EventDate "2022.07.01"]
[EventType "tourn"]
[EventCountry "CZE"]
[SourceTitle "playchess.com"]
[Source "ChessBase"]
[SourceQuality "1"]
[TimeControl "40/5400+30:1800+30"]

1. d4 Nf6 2. Nf3 e6 3. c4 Bb4+ 4. Nbd2 O-O 5. a3 Be7 6. e3 d5 7. b4 b6 8. cxd5 exd5 9. Bb2 Nbd7 10. Bd3 Bb7 11. O-O Re8 12. b5 Bd6 13. a4 a6 14. Qb3 Qe7 15. Rfc1 a5 16. Ba3 Rac8 17. Nf1 Ne4 18. Rc2 f5 19. Ng3 g6 20. Bf1 Kg7 21. Ne2 g5 22. g3 Rf8 23. Bg2 h6 24. Nc1 h5 25. Nd3 h4 26. gxh4 g4 27. Ng5 Rh8 28. Bxd6 Qxd6 29. Qa3 Kf6 30. Nf4 Nxg5 31. hxg5+ Kxg5 32. Qxd6 cxd6 33. Rac1 Nf6 34. Rc7 Kh6 35. Rxc8 Rxc8 36. Rxc8 Bxc8 37. Bxd5 Kg7 38. Kf1 Bd7 39. Ke1 Kh6 40. Kd2 Nh5 41. Ne2 Nf6 42. Bg2 Be6 43. Kc3 Kg5 44. Nf4 Bf7 45. h3 Nh5 46. Nd3 gxh3 47. Bxh3 Bd5 48. Ne1 Nf6 49. Bg2 Ne4+ 50. Bxe4 fxe4 51. Ng2 Kf5 52. Nf4 Bf7 53. d5 Ke5 54. Kc4 Bg8 55. Ng6+ Kf6 56. Nh4 Ke5 57. Ng6+ Kf6 58. Nf4 Ke5 1/2-1/2

[Event "Ceske Budejovice IM 2022"]
[Site "Ceske Budejovice"]
[Date "2022.07.08"]
[Round "8.4"]
[White "Lajbl, Jan"]
[Black "Plischki, Sebastian"]
[Result "0-1"]
[ECO "B43"]
[WhiteElo "2212"]
[BlackElo "2384"]
[Annotator "RC"]
[PlyCount "130"]
[EventDate "2022.07.01"]
[EventType "tourn"]
[EventCountry "CZE"]
[SourceTitle "playchess.com"]
[Source "ChessBase"]
[SourceQuality "1"]
[TimeControl "40/5400+30:1800+30"]

1. e4 c5 2. Nf3 e6 3. Nc3 a6 4. d4 cxd4 5. Nxd4 b5 6. g3 Bb7 7. Bg2 Nf6 8. a3 d6 9. O-O Nbd7 10. Re1 Qc7 11. f4 Nb6 12. Qd3 Be7 13. b3 O-O 14. Bb2 Rfd8 15. h3 Rac8 16. Rac1 Bf8 17. Nde2 e5 18. Red1 Re8 19. Kh2 Rcd8 20. Qe3 Bc6 21. Qf2 Qb7 22. Rd2 exf4 23. Nxf4 Nxe4 24. Nxe4 Bxe4 25. Nh5 Nd7 26. Rf1 f6 27. Bxe4 Qxe4 28. Nf4 Qb7 29. Nd5 Nc5 30. Qf3 Qf7 31. Qg4 Qg6 32. Qf3 Rc8 33. Nb6 Ne4 34. Rg2 Rc5 35. Bd4 Ng5 36. Qd1 Rf5 37. Rf4 Ne4 38. Qf3 Rxf4 39. Qxf4 Qg5 40. Qf3 Qg6 41. Nd5 Ng5 42. Qd1 Qf5 43. Nf4 d5 44. Bf2 Rd8 45. Bb6 Rd7 46. Rd2 Bxa3 47. Rxd5 Rxd5 48. Qxd5+ Qxd5 49. Nxd5 Bd6 50. Bc7 Ne4 51. b4 Kf7 52. Bxd6 Ke6 53. Nxf6 Nxf6 54. Bf8 g6 55. Kg2 Kd5 56. Bg7 Ne8 57. Bh8 Kc4 58. c3 Nc7 59. Kf3 Nd5 60. Kg4 Nxc3 61. Kg5 Kxb4 62. Kh6 a5 63. Kxh7 a4 64. Bg7 a3 65. Bf8+ Ka4 0-1

[Event "Ceske Budejovice IM 2022"]
[Site "Ceske Budejovice"]
[Date "2022.07.08"]
[Round "8.5"]
[White "Finek, Vaclav"]
[Black "Civin, Tomas"]
[Result "1/2-1/2"]
[ECO "E66"]
[WhiteElo "2393"]
[BlackElo "2419"]
[Annotator "RC"]
[PlyCount "45"]
[EventDate "2022.07.01"]
[EventType "tourn"]
[EventCountry "CZE"]
[SourceTitle "playchess.com"]
[Source "ChessBase"]
[SourceQuality "1"]
[TimeControl "40/5400+30:1800+30"]

1. d4 Nf6 2. Nf3 g6 3. c4 Bg7 4. g3 O-O 5. Bg2 d6 6. O-O c5 7. Nc3 Nc6 8. d5 Na5 9. Nd2 e5 10. b3 Ng4 11. h3 Nh6 12. Bb2 f5 13. Qc2 b6 14. Rae1 Nb7 15. e4 f4 16. Ne2 g5 17. Nc1 g4 18. hxg4 fxg3 19. fxg3 Nxg4 20. Nd3 Bh6 21. Rxf8+ Qxf8 22. Nf1 Nd8 23. Nf2 1/2-1/2

[Event "Ceske Budejovice IM 2022"]
[Site "Ceske Budejovice"]
[Date "2022.07.09"]
[Round "9.1"]
[White "Civin, Tomas"]
[Black "Gretarsson, Helgi Ass"]
[Result "1/2-1/2"]
[ECO "B06"]
[WhiteElo "2419"]
[BlackElo "2472"]
[Annotator "RC"]
[PlyCount "31"]
[EventDate "2022.07.01"]
[EventType "tourn"]
[EventCountry "CZE"]
[SourceTitle "playchess.com"]
[Source "ChessBase"]
[SourceQuality "1"]
[TimeControl "40/5400+30:1800+30"]

1. d4 g6 2. e4 Bg7 3. Nf3 d6 4. h3 Nf6 5. Bd3 O-O 6. O-O Nc6 7. Re1 e5 8. c3 h6 9. Nbd2 Nh5 10. dxe5 Nxe5 11. Nxe5 dxe5 12. Nc4 Qe7 13. b4 Rd8 14. Qc2 Nf4 15. Bf1 h5 16. a4 1/2-1/2

[Event "Ceske Budejovice IM 2022"]
[Site "Ceske Budejovice"]
[Date "2022.07.09"]
[Round "9.2"]
[White "Plischki, Sebastian"]
[Black "Finek, Vaclav"]
[Result "1/2-1/2"]
[ECO "A50"]
[WhiteElo "2384"]
[BlackElo "2393"]
[Annotator "RC"]
[PlyCount "51"]
[EventDate "2022.07.01"]
[EventType "tourn"]
[EventCountry "CZE"]
[SourceTitle "playchess.com"]
[Source "ChessBase"]
[SourceQuality "1"]
[TimeControl "40/5400+30:1800+30"]

1. d4 Nf6 2. c4 g6 3. h4 h5 4. Nc3 d5 5. Nf3 Bg7 6. Bg5 O-O 7. Bxf6 Bxf6 8. cxd5 e6 9. dxe6 Bxe6 10. e3 c5 11. Ne4 cxd4 12. Nxf6+ Qxf6 13. Qxd4 Qe7 14. Be2 Nc6 15. Qf4 Qb4+ 16. Qxb4 Nxb4 17. O-O Bxa2 18. Rfc1 Rac8 19. Nd4 Bd5 20. Rc3 a6 21. Rac1 Rxc3 22. Rxc3 Nc6 23. Nxc6 Bxc6 24. Bxa6 Bxg2 25. Kxg2 bxa6 26. Rc6 1/2-1/2

[Event "Ceske Budejovice IM 2022"]
[Site "Ceske Budejovice"]
[Date "2022.07.09"]
[Round "9.4"]
[White "Bochnicka, Vladimir"]
[Black "Mirzoev, Azer"]
[Result "0-1"]
[ECO "C54"]
[WhiteElo "2295"]
[BlackElo "2424"]
[Annotator "RC"]
[PlyCount "108"]
[EventDate "2022.07.01"]
[EventType "tourn"]
[EventCountry "CZE"]
[SourceTitle "playchess.com"]
[Source "ChessBase"]
[SourceQuality "1"]
[TimeControl "40/5400+30:1800+30"]

1. e4 e5 2. Nf3 Nc6 3. Bc4 Bc5 4. c3 Nf6 5. d3 d6 6. Bb3 Bb6 7. Nbd2 Ne7 8. Nf1 Ng6 9. Ng3 O-O 10. O-O h6 11. h3 a5 12. Re1 Bd7 13. a4 Re8 14. d4 Qc8 15. Bc2 Bc6 16. Bd2 Qd8 17. Qc1 Bd7 18. Nf5 exd4 19. cxd4 Bxf5 20. exf5 Nf8 21. Ra3 Rxe1+ 22. Qxe1 c6 23. Qc1 N8d7 24. Rd3 Qf8 25. Qe1 Nd5 26. Qe4 Re8 27. Qh4 N7f6 28. g4 Bd8 29. g5 Ne4 30. f6 g6 31. Bc1 hxg5 32. Nxg5 Nxg5 33. Bxg5 Nb4 34. Bb3 d5 35. Rf3 Re4 36. Rf4 Rxf4 37. Bxf4 Nd3 38. Be5 Qb4 39. f4 Nxe5 40. fxe5 Qxb3 41. Qh6 Qg3+ 42. Kh1 Qf3+ 43. Kh2 Bxf6 44. exf6 Qxf6 45. Qd2 b6 46. Kg2 Qd6 47. b3 c5 48. h4 cxd4 49. Qxd4 Qc5 50. Qd3 d4 51. Qe4 Kg7 52. Kh1 Qd6 53. h5 d3 54. hxg6 d2 0-1

[Event "Ceske Budejovice IM 2022"]
[Site "Ceske Budejovice"]
[Date "2022.07.09"]
[Round "9.5"]
[White "Dev, Shah"]
[Black "Nagy, Ladislav"]
[Result "1-0"]
[ECO "E04"]
[WhiteElo "2292"]
[BlackElo "2209"]
[Annotator "RC"]
[PlyCount "79"]
[EventDate "2022.07.01"]
[EventType "tourn"]
[EventCountry "CZE"]
[SourceTitle "playchess.com"]
[Source "ChessBase"]
[SourceQuality "1"]
[TimeControl "40/5400+30:1800+30"]

1. d4 Nf6 2. c4 e6 3. Nf3 d5 4. g3 dxc4 5. Bg2 Nc6 6. Qa4 Bb4+ 7. Bd2 Nd5 8. Qc2 Nb6 9. O-O Bxd2 10. Qxd2 O-O 11. e4 Qe7 12. Na3 f6 13. Rac1 Qb4 14. Nxc4 Nxc4 15. Qxb4 Nxb4 16. Rxc4 Na6 17. a4 Bd7 18. Rfc1 Rac8 19. Nd2 e5 20. Nb3 Rf7 21. Bf1 Kf8 22. d5 Ke8 23. Na5 b6 24. Nc6 Bxc6 25. Rxc6 Nb4 26. R6c4 a5 27. Bh3 Kd8 28. Be6 Rd7 29. Bxd7 Kxd7 30. Rd1 Na6 31. f4 Re8 32. Kf2 Nc5 33. Kf3 Kd6 34. b4 axb4 35. Rxb4 Ra8 36. fxe5+ fxe5 37. Ra1 Ra5 38. Ke3 Ke7 39. g4 g6 40. g5 1-0